 Dungeon Crawl Stone Soup version 0.29.1-12-g30fa7ad0bf (webtiles) character file.

Game seed: 10973836718392607881

22 zeram the Sneak (level 2, 0/20 HPs)
             Began as a Gnoll Enchanter on Dec 24, 2022.
             Succumbed to an adder's poison
             ... on level 2 of the Dungeon.
             The game lasted 00:01:01 (1381 turns).

zeram the Sneak (Gnoll Enchanter)                   Turns: 1381, Time: 00:01:02

Health: 0/20       AC:  2    Str:  7    XL:     2   Next: 91%
Magic:  7/7        EV: 13    Int: 14    God:
Gold:   96         SH:  0    Dex: 12    Spells: 8/10 levels left

rFire   . . .      SeeInvis .   a - +1 dagger
rCold   . . .      Faith    .   (no shield)
rNeg    . . .      Spirit   .   b - +0 robe
rPois   .          Reflect  .   (no helmet)
rElec   .          Harm     .   (no cloak)
rCorr   .          Rampage  .   (no gloves)
Will    .....                   (no boots)
Stlth   +++.......              (no amulet)
HPRegen 0.06/turn               (no ring)
MPRegen 0.10/turn               (no ring)

@: lethally poisoned (0 -> -10)
A: fangs 1, strong nose, distributed training
a: no special abilities


You were on level 2 of the Dungeon.
You visited 1 branch of the dungeon, and saw 2 of its levels.

You collected 96 gold pieces.

Inventory:

Hand Weapons
 a - a +1 dagger (weapon)
Armour
 b - a +0 robe (worn)
Jewellery
 f - a ring of magical power
 g - an amulet of reflection
Potions
 c - 2 potions of invisibility
 d - a potion of attraction {unknown}
 e - a potion of cancellation {unknown}
 h - a potion of magic {unknown}


   Skills:
 + Level 0.5 Fighting
 + Level 2.5 Short Blades
 + Level 0.5 Long Blades
 + Level 0.5 Axes
 + Level 0.5 Maces & Flails
 + Level 0.5 Polearms
 + Level 0.5 Staves
 + Level 0.5 Ranged Weapons
 + Level 0.5 Throwing
 + Level 0.5 Armour
 + Level 4.5 Dodging
 + Level 5.9 Stealth
 + Level 0.5 Shields
 + Level 0.5 Unarmed Combat
 + Level 4.9 Spellcasting
 + Level 0.4 Conjurations
 + Level 5.4 Hexes
 + Level 0.4 Summonings
 + Level 0.4 Necromancy
 + Level 0.4 Translocations
 + Level 0.4 Transmutations
 + Level 0.4 Fire Magic
 + Level 0.4 Ice Magic
 + Level 0.4 Air Magic
 + Level 0.4 Earth Magic
 + Level 0.4 Poison Magic
 + Level 0.7 Invocations
 + Level 0.5 Evocations


You had 8 spell levels left.
You knew the following spells:

 Your Spells              Type           Power      Damage    Failure   Level
a - Ensorcelled Hibernat  Hex/Ice        22%        N/A       9%          2

Your spell library contained the following spells:

 Spells                   Type           Power      Damage    Failure   Level
 Confusing Touch          Hex            18%        N/A       6%          3
 Tukima's Dance           Hex            18%        N/A       6%          3
 Shock                    Conj/Air       16%        1d4       16%         1
 Dazzling Flash           Conj/Hex       22%        N/A       16%         3
 Mephitic Cloud           Conj/Pois/Air  4%         N/A       41%         3
 Leda's Liquefaction      Hex/Erth       5%         N/A       47%         4
 Corpse Rot               Necr/Pois/Air  4%         N/A       83%         4
 Lightning Bolt           Conj/Air       2%         1d13      99%         5


Dungeon Overview and Level Annotations

Branches:
Dungeon (1/15)

Altars:


Innate Abilities, Weirdness & Mutations

You have very sharp teeth.
Your uncanny sense of smell can sniff out nearby items.
Your experience applies equally to all skills.


Message History

An adder comes into view.
An adder is nearby!
An adder is nearby!
An adder is nearby!
The adder hisses angrily.
The adder bites you.
You hit the adder. Your bite misses the adder.
The adder is lightly wounded.
The adder closely misses you.
You miss the adder. Your bite misses the adder.
The adder is lightly wounded.
The adder closely misses you.
You hit the adder.
The adder is heavily wounded.
The adder bites you.
You hit the adder.
The adder is severely wounded.
The adder bites you.
You are poisoned.
The adder poisons you!
You barely miss the adder.
The adder is severely wounded.
You feel sick. The adder barely misses you.
You completely miss the adder.
The adder is severely wounded.
You feel sick. The adder barely misses you. The adder bites you.
You are lethally poisoned!
The adder poisons you!
You are too injured to fight recklessly!
You are too injured to fight recklessly!
You are too injured to fight recklessly!
You hit the adder but do no damage.
The adder is severely wounded.
* * * LOW HITPOINT WARNING * * *
You feel sick. The adder bites you.
* * * LOW HITPOINT WARNING * * *
Unknown command.
You hit the adder but do no damage.
The adder is severely wounded.
You die...

#.# ∆ ####.#
#....####.#
##..........
#.......#...
#.[.....?...
#.......#...
##.....###.#
#>@...# .#
#.....S.......
#.###.#.#.####
#. .#.# #.
.#.. #. .# ..
#. .# .. #. ..


You could see an adder.

Vanquished Creatures
  5 endoplasms (D:1)
  A goblin (D:1)
  A hobgoblin (D:1)
  3 jackals (D:1)
  3 ball pythons
  3 bats
  A kobold (D:1)
  3 rats
20 creatures vanquished.

Notes
Turn   | Place    | Note
-------+----------+-------------------------------------------
     0 | D:1      | zeram the Gnoll Enchanter began the quest for the Orb.
     0 | D:1      | Reached XP level 1. HP: 13/13 MP: 6/6
   217 | D:1      | Reached XP level 2. HP: 9/19 MP: 7/7
   220 | D:1      | Learned a level 2 spell: Ensorcelled Hibernation
   867 | D:1      | HP: 1/20 [jackal (2)]
  1218 | D:1      | You fall into a shaft and drop 1 floor!
  1239 | D:2      | Got the Directory of Rocky Weather
  1381 | D:2      | Succumbed to an adder's poison

Illustrated notes

Levels and vault maps discovered:
D:1:      elethiomel_arrival_shortcut, layout_loops_cross
D:2:      layout_loops_ring, basic_altar

Action                   || total
-------------------------++-------
Melee: Dagger            ||    65
       Bite              ||     8
       Punch             ||     1
 Stab: Sleeping          ||    10
Armor: Robe              ||     8
Dodge: Dodged            ||    52
